 Dungeon Crawl Stone Soup version 0.32-a0-918-g0f22ef8d61 (webtiles) character file.

Game seed: 17171284659712210178

189 innerfire43 the Trooper (level 5, -3/61 HPs)
             Began as a Demonspawn Wanderer on Apr 10, 2024.
             Was a Believer of Uskayaw.
             Slain by a gnoll
             ... wielding a +0 halberd
              (6 damage)
             ... on level 4 of the Dungeon.
             The game lasted 00:02:58 (2478 turns).

innerfire43 the Trooper (Demonspawn Wanderer)       Turns: 2478, Time: 00:03:00

Health: -3/61      AC: 22    Str: 14    XL:     5   Next: 40%
Magic:  8/8        EV:  2    Int: 13    God:    Uskayaw [**....]
Gold:   298        SH:  0    Dex: 12    Spells: 8/8 levels left

rFire   . . .        p - +7 whip
rCold   . . .        (no shield)
rNeg    . . .        d - melded +0 robe
rPois   +            (helmet currently unavailable)
rElec   .            g - melded +0 cloak
rCorr   .            (gloves currently unavailable)
SInv    .            b - melded +0 pair of boots
Will    .....        (no amulet)
Stlth   ++           (no ring)
HPRegen 0.30/turn    (no ring)
MPRegen 0.11/turn

%: no passive effects
@: tree-form
A: stationary, stasis, torment immunity, boosted hp, foul stench 1
a: Renounce Religion, Stomp, Line Pass


You were on level 4 of the Dungeon.
You worshipped Uskayaw.
Uskayaw was noncommittal.
You were a tree.
You visited 1 branch of the dungeon, and saw 4 of its levels.

You collected 298 gold pieces.

Inventory:

Hand Weapons
 a - a +0 hand axe
 p - a +7 whip (weapon)
Armour
 b - a +0 pair of boots (melded)
 d - a +0 robe (melded)
 g - a +0 cloak (melded)
Scrolls
 f - 2 scrolls of identify
 h - 3 scrolls of teleportation {unknown}
 j - 2 scrolls of fog {unknown}
 l - a scroll of revelation {unknown}
 n - a scroll of immolation
 o - a scroll of summoning {unknown}
Potions
 c - a potion of might
 e - 2 potions of enlightenment
 k - a potion of mutation {unknown}
 m - a potion of heal wounds {unknown}
 q - a potion of curing {unknown}
 r - a potion of resistance {unknown}


   Skills:
 * Level 3.2 Fighting
 - Level 2.5(2.8) Axes
 * Level 1.8(2.4) Maces & Flails
 + Level 1.6 Armour
 - Level 1.7 Stealth
 - Level 2.0 Spellcasting
 - Level 2.0 Conjurations
 + Level 2.9 Invocations


You had 8 spell levels left.
You didn't know any spells.
Your spell library contained the following spells:

 Spells                   Type           Power      Damage    Failure   Level
 Foxfire                  Conj/Fire      12%        2x1d4     17%         1
 Kiss of Death            Conj/Necr      12%        2d6       17%         1
 Slow                     Hex            4%         N/A       26%         1
 Static Discharge         Conj/Air       6%         3-4/arc   26%         2
 Confusing Touch          Hex            1%         N/A       58%         3
 Fugue of the Fallen      Necr           1%         N/A       58%         3
 Ozocubu's Armour         Ice            1%         N/A       58%         3
 Vampiric Draining        Necr           1%         2d6       58%         3
 Manifold Assault         Tloc           0%         N/A       100%        7


Dungeon Overview and Level Annotations

Branches:
Dungeon (4/15)
 Temple: D:4-7

Altars:
Uskayaw


Innate Abilities, Weirdness & Mutations

You are a tree.
Your roots penetrate the ground, keeping you stationary.
You cannot be teleported.
You are immune to unholy pain and torment.
Your maximum health is greatly increased.
Your equipment is partially melded.
You may rarely emit foul miasma when damaged in melee.


Message History

The gnoll hits you with a +0 halberd. The gnoll barely misses you.
The giant cockroach barely misses you. The gnoll closely misses you.
There are monsters nearby!
You hit the gnoll.
You kill the gnoll!
The giant cockroach closely misses you.
The gnoll hits you from afar with a +0 spear.
The gnoll misses you. The giant cockroach bites you.
You hit the giant cockroach.
You kill the giant cockroach!
The gnoll misses you. The gnoll hits you but does no damage.
The gnoll closely misses you.
You can now pass through a line of other dancers.
There are monsters nearby!
The gnoll hits you but does no damage. The gnoll hits you with a +0 halberd!
The gnoll hits you from afar with a +0 spear.
You are too injured to fight recklessly!
There are monsters nearby!
You are too injured to fight recklessly!
There are monsters nearby!
You are too injured to fight recklessly!
You hit the gnoll.
The gnoll is moderately wounded.
The gnoll hits you from afar with a +0 halberd.
The gnoll closely misses you.
The gnoll hits you from afar with a +0 spear.
* * * LOW HITPOINT WARNING * * *
You whack the gnoll!
You kill the gnoll!
The gnoll hits you from afar with a +0 halberd.
* * * LOW HITPOINT WARNING * * *
The gnoll hits you from afar with a +0 spear.
* * * LOW HITPOINT WARNING * * *
It was a potion of lignification.
You turn into a tree.
Your +0 cloak melds into your body.
Your +0 pair of boots melds into your body.
Your +0 robe melds into your body.
Your roots penetrate the ground.
The gnoll hits you from afar with a +0 halberd.
You die...
Your body falls in perfect tune with the rhythm.

###...# ..
######....####...
....#.....#..#!..
#...............
....ß...........ß.
........##...##..
ß.ß..........# .
.....####..)##....
ß.........♣.g...ß.
....###....)g.....
[. #.........ß.
#......<....
#...........
............
.............
..............


You could see 2 gnolls.

Vanquished Creatures
  Jessica (D:3)
  Natasha (thrice) (D:3)
  2 gnolls (D:4)
  2 adders
  3 dart slugs
  2 bats
  3 endoplasms
  9 giant cockroaches
  4 hobgoblins
  3 kobolds
  3 quokkas
  4 ball pythons
  5 goblins
  A rat (D:2)
45 creatures vanquished.

Notes
Turn   | Place    | Note
-------+----------+-------------------------------------------
     0 | D:1      | innerfire43 the Demonspawn Wanderer began the quest for the
                  | Orb.
     0 | D:1      | innerfire43 set off with the following items: a +0 hand
                  | axe, a +0 pair of boots, a potion of might, a +0 robe; and
                  | the following spells available to memorise: Foxfire, Kiss
                  | of Death, Static Discharge.
     0 | D:1      | Reached XP level 1. HP: 15/15 MP: 3/3
   431 | D:1      | Gained mutation: You may rarely emit foul miasma when
                  | damaged in melee. [demonic ancestry]
   431 | D:1      | Reached XP level 2. HP: 16/21 MP: 5/5
  1309 | D:2      | Reached skill level 2 in Fighting
  1309 | D:2      | Reached XP level 3. HP: 19/27 MP: 6/6
  1800 | D:3      | Found a faded altar of an unknown god.
  1832 | D:3      | Prayed at the altar of an unknown god.
  1832 | D:3      | Became a worshipper of Uskayaw the Reveller
  1832 | D:3      | Reached * piety under Uskayaw
  1883 | D:3      | Reached skill level 1 in Armour
  1944 | D:3      | Noticed Natasha
  1950 | D:3      | Reached ** piety under Uskayaw
  1952 | D:3      | Killed Natasha
  1953 | D:3      | Reached XP level 4. HP: 23/34 MP: 7/7
  2016 | D:3      | Noticed Jessica
  2020 | D:3      | Killed Jessica
  2020 | D:3      | Noticed Natasha
  2021 | D:3      | Reached skill level 1 in Maces & Flails
  2031 | D:3      | Killed Natasha
  2134 | D:3      | Noticed Natasha
  2152 | D:3      | Killed Natasha
  2153 | D:3      | Reached skill level 3 in Fighting
  2153 | D:3      | Reached XP level 5. HP: 27/41 MP: 8/8
  2272 | D:3      | Identified the +0 robe of Zomuq {rF+ Will++}
  2477 | D:4      | HP: 2/41 [gnoll/+0 spear (5)]
  2478 | D:4      | Slain by a gnoll

Illustrated notes

Levels and vault maps discovered:
D:1:      dpeg_arrival_line_fractal, layout_loops_corners
D:2:      layout_basic
D:3:      layout_rooms, hellmonk_ecumenical_altar_blasted, uniq_jessica,
          uniq_natasha
D:4:      minmay_chambers_of_twos, layout_cave_pools, serial_column_ruins,
          column_ruins_corridor_T, column_ruins_columns_dead_end,
          column_ruins_columns_straight, column_ruins_open_tiny,
          column_ruins_columns_corner, nicolae_ossuary_entry_monument

Skill      XL: |  1  2  3  4 |
---------------+-------------+-----
Axes           | 2 |  2.5
Fighting       | 2 3 |  3.2
Invocations    | 2 |  2.9
Armour         | 1 |  1.6
Maces & Flails | 1 |  1.8
Stealth        | |  1.7
Spellcasting   | |  2.0
Conjurations   | |  2.0

Action                     |  1- 3 |  4- 6 || total
---------------------------+-------+-------++-------
  Melee: Hand axe          |   104 |       ||   104
         Whip              |     4 |    36 ||    40
    Use: Scroll            |     5 |       ||     5
         Potion            |       |     1 ||     1
   Stab: Sleeping          |     2 |     1 ||     3
         Distracted        |     1 |       ||     1
 Armour: Robe              |    91 |    29 ||   120
         Skin              |       |     1 ||     1
  Dodge: Dodged            |    58 |    25 ||    83

Table legend: (Time is in decaauts)
 A = Elapsed time spent in this place.
 B = Non-inter-level travel time spent in this place.
 C = Inter-level travel time spent in this place.
 D = Time resting spent in this place.
 E = Time spent auto-exploring this place.
 F = Levels seen in this place.
 G = Mean time per level.
                   A        B        C        D        E       F      G
               +--------+--------+--------+--------+--------+-----+--------+
         Total |   2523 |   2492 |     31 |      0 |   2050 |   4 |  630.8 |
       Dungeon |   2523 |   2492 |     31 |      0 |   2050 |   4 |  630.8 |
               +--------+--------+--------+--------+--------+-----+--------+

Top non-repeatable levels by time:
     D:1: 948 daAuts
     D:2: 800 daAuts
     D:3: 698 daAuts
     D:4: 75 daAuts
